 Dungeon Crawl Stone Soup version 0.21.1-1-g345015f (webtiles) character file.

56 buskinjo2 the Insei (level 3, 28/28 HPs)
             Began as a Gnoll Transmuter on Mar 1, 2018.
             Quit the game on level 2 of the Dungeon.
             The game lasted 00:04:55 (1866 turns).

buskinjo2 the Insei (Gnoll Transmuter)              Turns: 1866, Time: 00:04:56

Health: 28/28      AC:  5    Str: 12    XL:     3   Next: 95%
Magic:  9/9        EV: 14    Int: 16    God:
Gold:   47         SH:  0    Dex: 15    Spells: 6/12 levels left

rFire    . . .     SeeInvis .     - Unarmed
rCold    . . .     Gourm    .   (no shield)
rNeg     . . .     Faith    .   m - +0 leather armour
rPois    .         Spirit   .   (no helmet)
rElec    .         Reflect  .   s - +0 cloak
rCorr    .         Harm     .   h - +0 pair of gloves
MR       .....                  (no boots)
Stlth    ++........             r - amulet of rage
HPRegen  0.09/turn              (no ring)
MPRegen  0.11/turn              (no ring)

@: no status effects
A: distributed training, fangs 1, strong nose
a: Evoke Berserk Rage


You were on level 2 of the Dungeon.
You were not hungry.

You visited 1 branch of the dungeon, and saw 2 of its levels.

You collected 47 gold pieces.

Inventory:

Missiles
 a - 27 arrows
 o - 2 needles of confusion
 t - 19 poisoned needles
Armour
 h - a +0 pair of gloves (worn)
 m - a +0 leather armour (worn)
 p - a +0 ring mail
 s - a +0 cloak (worn)
Jewellery
 r - an amulet of rage (around neck)
Wands
 n - a wand of flame (19)
Scrolls
 g - a scroll of remove curse
 i - a scroll of immolation
 l - a scroll of fear
Potions
 b - a potion of heal wounds {unknown}
 e - 3 potions of lignification {unknown}
 f - a potion of might {unknown}
 j - a potion of agility {unknown}
 k - a potion of magic {unknown}
 q - 2 potions of brilliance {unknown}
 u - a potion of flight {unknown}
 v - a potion of curing {unknown}
Books
 c - a book of Changes

   Spells                             Type                      Level
   a - Beastly Appendage              Transmutation                1
   b - Sticks to Snakes               Transmutation                2
   c - Spider Form                    Transmutation/Poison         3
   d - Ice Form                       Ice/Transmutation            4
   e - Blade Hands                    Transmutation                5
Comestibles
 d - 5 rations


   Skills:
 + Level 2.6 Fighting
 + Level 1.0 Short Blades
 + Level 1.0 Long Blades
 + Level 1.0 Axes
 + Level 1.0 Maces & Flails
 + Level 1.0 Polearms
 + Level 1.0 Staves
 + Level 1.0 Slings
 + Level 1.0 Bows
 + Level 1.0 Crossbows
 + Level 1.0 Throwing
 + Level 1.0 Armour
 + Level 4.6 Dodging
 + Level 1.0 Stealth
 + Level 1.0 Shields
 + Level 6.5 Unarmed Combat
 + Level 5.0 Spellcasting
 + Level 0.7 Conjurations
 + Level 0.7 Hexes
 + Level 0.7 Charms
 + Level 0.7 Summonings
 + Level 0.7 Necromancy
 + Level 0.7 Translocations
 + Level 3.8 Transmutations
 + Level 0.7 Fire Magic
 + Level 0.7 Ice Magic
 + Level 0.7 Air Magic
 + Level 0.7 Earth Magic
 + Level 0.7 Poison Magic
 + Level 1.0 Invocations
 + Level 1.0 Evocations


You had 6 spell levels left.
You knew the following spells:

 Your Spells              Type           Power        Failure   Level  Hunger
a - Beastly Appendage     Tmut           ###...       4%          1    None
b - Sticks to Snakes      Tmut           ###.....     6%          2    #......
c - Spider Form           Tmut/Pois      ##........   22%         3    ###....


Dungeon Overview and Level Annotations

Branches:
Dungeon (2/15)

Altars:


Innate Abilities, Weirdness & Mutations

Your experience applies equally to all skills.
You have very sharp teeth.
Your uncanny sense of smell can sniff out nearby items.


Message History

You hit the quokka.
The quokka is heavily wounded.
The quokka bites you but does no damage.
You barely miss the quokka.
The quokka is heavily wounded.
The quokka bites you but does no damage.
You hit the quokka.
The quokka is almost dead.
The quokka barely misses you. The quokka closely misses you.
You hit the quokka but do no damage.
The quokka is almost dead.
You barely miss the quokka.
The quokka is almost dead.
The quokka closely misses you. x2
You hit the quokka.
You kill the quokka!
No target in view!
Unknown command.
Okay, then.
Are you sure you want to abandon this character and quit the game? (Confirm with "yes".)

#.#.#.###.#.#.#.#
...........#.#.#
#.#.###.###.#.#
#...........#.#
#...#########.#
#...........#.#
#...##........#
#....##.#......#
#.#.......@.##.#
......##.###.#
#########.# .#
∆..# .# #### .#
.# .# .#


There were no monsters in sight!

Vanquished Creatures
  2 worms (D:2)
  4 dart slugs
  A leopard gecko (D:1)
  2 giant cockroaches
  5 goblins
  6 hobgoblins
  3 kobolds
  A quokka (D:2)
  7 bats
  2 frilled lizards
  5 rats (D:2)
38 creatures vanquished.

Notes
Turn   | Place    | Note
-------+----------+-------------------------------------------
     0 | D:1      | buskinjo2 the Gnoll Transmuter began the quest for the Orb.
     0 | D:1      | Reached XP level 1. HP: 17/17 MP: 6/6
   241 | D:1      | Reached XP level 2. HP: 20/23 MP: 7/7
   245 | D:1      | Learned a level 2 spell: Sticks to Snakes
   809 | D:2      | Reached XP level 3. HP: 28/28 MP: 9/9
   895 | D:2      | Reached skill level 5 in Spellcasting
  1165 | D:2      | Found a faded altar of an unknown god.
  1175 | D:2      | Learned a level 3 spell: Spider Form
  1430 | D:2      | Reached skill level 1 in Invocations
  1768 | D:2      | Reached skill level 1 in Short Blades
  1768 | D:2      | Reached skill level 1 in Long Blades
  1768 | D:2      | Reached skill level 1 in Axes
  1768 | D:2      | Reached skill level 1 in Maces & Flails
  1768 | D:2      | Reached skill level 1 in Polearms
  1768 | D:2      | Reached skill level 1 in Staves
  1768 | D:2      | Reached skill level 1 in Slings
  1768 | D:2      | Reached skill level 1 in Bows
  1768 | D:2      | Reached skill level 1 in Crossbows
  1768 | D:2      | Reached skill level 1 in Throwing
  1768 | D:2      | Reached skill level 1 in Armour
  1768 | D:2      | Reached skill level 1 in Stealth
  1768 | D:2      | Reached skill level 1 in Shields
  1768 | D:2      | Reached skill level 1 in Evocations
  1866 | D:2      | Quit the game

Skill      XL: |  1  2  3 |
---------------+----------+-----
Spellcasting   | 5 |  5.0
Invocations    | 1 |  1.0
Short Blades   | 1 |  1.0
Long Blades    | 1 |  1.0
Axes           | 1 |  1.0
Maces & Flails | 1 |  1.0
Polearms       | 1 |  1.0
Staves         | 1 |  1.0
Slings         | 1 |  1.0
Bows           | 1 |  1.0
Crossbows      | 1 |  1.0
Throwing       | 1 |  1.0
Armour         | 1 |  1.0
Stealth        | 1 |  1.0
Shields        | 1 |  1.0
Evocations     | 1 |  1.0
Fighting       | |  2.6
Dodging        | |  4.6
Unarmed Combat | |  6.5
Conjurations   | |  0.7
Hexes          | |  0.7
Charms         | |  0.7
Summonings     | |  0.7
Necromancy     | |  0.7
Translocations | |  0.7
Transmutations | |  3.8
Fire Magic     | |  0.7
Ice Magic      | |  0.7
Air Magic      | |  0.7
Earth Magic    | |  0.7
Poison Magic   | |  0.7

Action                   || total
-------------------------++-------
Melee: Unarmed           ||   137
       Bite              ||    17
       Kick              ||     3
       Punch             ||     2
       Headbutt          ||     1
 Cast: Beastly Appendage ||    10
  Use: Scroll            ||     6
  Eat: Chunk             ||     3
Armor: Robe              ||    12
       Leather armour    ||    19
Dodge: Dodged            ||    87
